[Event "Early-Titled-Tuesday-Blitz-October-10-2023"]
[Site "Chess.com"]
[Date "2023.10.10"]
[Round "4"]
[White "Denis_Makhnyov"]
[Black "DopplerCharlotteDeWitte"]
[Result "0-1"]
[WhiteElo "2948"]
[BlackElo "2755"]
[TimeControl "180+1"]
[EndTime "8:39:16 PDT"]
[Termination "DopplerCharlotteDeWitte won on time"]

1. f4 Nh6 2. g3 d5 3. Bg2 c5 4.
Nc3 d4 5. Ne4 e5 6. fxe5 Nc6 7.
Nf3 Ng4 8. O-O Ngxe5 9. Nxe5 Nxe5 10. d3 Be7 11. Bf4 Ng6 12. Bd2 O-O 13. c3 Be6 14.
cxd4 Qxd4+ 15. Kh1 Rad8 16. Bc3 Qd7 17. Qe1 b6 18. a4 h6 19. a5 b5 20. b4 c4 21.
Rd1 cxd3 22. Rxd3 Qc8 23. Qa1 Rxd3 24. exd3 f6 25. Bd4 a6 26. Nc5 Bxc5 27. Bxc5 Rd8 28. Kg1 Bd5 29. Bxd5+ Rxd5 30. Qa2 Qd7 31. Re1 Kh7 32.
d4 Rxd4 33. Bxd4 Qxd4+ 34. Qf2 Qxb4 35. Ra1 Qc3 36. Rb1 Qxa5 37. Qf5 Qb6+ 38. Kg2 Qc6+ 39. Kg1 Qd6 40. Re1 b4 41. Kg2 Qd2+ 42. Qf2 Qd3 43. Qf3 Qc2+ 44. Re2 Qd1 45. Qe4 b3 46. Re1 Qd2+ 47.
Re2 Qc1 48. h4 h5 49. Re1 Qd2+ 50. Re2 Qc1 51. Re1 b2 52. Kf3 Qc3+ 53. Ke2 a5 54. Kf2 a4 55. Qf5 a3 56. Qxh5+ Kg8 57.
Qxg6 Qd2+ 58. Kf1 Qc1 59. Qe8+ Kh7 60. Qe4+ Kh8 61. Qe8+ Kh7 62. Kf2 a2 63. Qh5+ Qh6 64. Qf5+ Qg6 65. Qb5 b1=Q 66. Qe2 a1=Q 0-1

[Event "Early-Titled-Tuesday-Blitz-October-10-2023"]
[Site "Chess.com"]
[Date "2023.10.10"]
[Round "4"]
[White "Msb2"]
[Black "Aswathchess"]
[Result "1/2-1/2"]
[WhiteElo "3061"]
[BlackElo "2624"]
[TimeControl "180+1"]
[EndTime "8:39:18 PDT"]
[Termination "Game drawn - insufficient material"]

1. d4 d5 2. c4 e6 3. Nc3 Nf6 4.
cxd5 exd5 5. Bg5 Bb4 6. Qb3 Nc6 7. e3 h6 8. Bh4 g5 9. Bg3 Ne4 10. Bb5 Bd7 11. Ne2 a6 12. Bd3 Bf5 13. Qc2 Qe7 14. O-O Bxc3 15. Nxc3 Nxg3 16. hxg3 Be6 17. a3 h5 18. e4 O-O-O 19. exd5 Bxd5 20. Rfe1 Qf6 21. Be4 Nxd4 22. Qa4 Bxe4 23. Nxe4 Qg6 24. Rac1 h4 25. Qc4 Nc6 26. g4 h3 27. g3 Rd4 28.
Qc2 Kb8 29. Kh2 Re8 30. Nc5 Rxe1 31. Qxg6 fxg6 32. Rxe1 Rd2 33. Ne4 Rxb2 34. Kxh3 b5 35. f4 gxf4 36. gxf4 Rb3+ 37. Kh4 Rxa3 38. f5 gxf5 39.
gxf5 Nd4 40. Rf1 Rf3 41. Rxf3 Nxf3+ 42. Kg4 Ne5+ 43. Kf4 Nd7 44. f6 Nxf6 45. Nxf6 Kb7 46. Ke4 c5 47. Kd5 c4 48. Kd4 Kb6 49. Nd5+ Ka5 50.
Kc3 Ka4 51. Nb4 Ka5 52. Nd5 Ka4 53. Nb4 a5 54. Nc2 b4+ 55. Kxc4 b3 56. Nd4 b2 57. Nb5 b1=Q 58. Nc3+ Ka3 59. Nxb1+ Kb2 60. Nc3 Kc2 61.
Na4 Kd2 62. Kb5 Kd3 63. Kc5 Ke3 64. Kc4 Kd2 65. Kd4 Ke2 66. Kc3 Ke3 67. Kc2 Ke4 68. Kb3 Ke5 69. Nb2 Kd5 70. Ka3 Kc5 71. Nd1 Kb5 72.
Nf2 Kc4 73. Nh1 Kc5 74. Ng3 Kd4 75. Nh5 Ke5 76. Ng7 Kf6 77. Ne8+ Ke7 78. Nc7 Kd6 79.
Nd5 Kc5 80. Ka4 Kxd5 81. Kxa5 1/2-1/2

[Event "Early-Titled-Tuesday-Blitz-October-10-2023"]
[Site "Chess.com"]
[Date "2023.10.10"]
[Round "4"]
[White "ContrVersia"]
[Black "Byniolus"]
[Result "1/2-1/2"]
[WhiteElo "2899"]
[BlackElo "2734"]
[TimeControl "180+1"]
[EndTime "8:39:19 PDT"]
[Termination "Game drawn - insufficient material"]

1. Nf3 d5 2. c4 c6 3. g3 Nf6 4. Bg2 Bf5 5. Qb3 Qb6 6. d3 e6 7. O-O Nbd7 8. cxd5 cxd5 9. Qxb6 Nxb6 10. Nd4 Bg6 11. Nc3 a6 12. h3 Bd6 13. Be3 Nbd7 14.
f4 O-O 15. Rac1 Rfe8 16. Nb3 h6 17. g4 Bh7 18. Kf2 Kf8 19. Bf3 Ng8 20. Bd2 Ne7 21. e4 dxe4 22. dxe4 e5 23. f5 Nc5 24. Be2 f6 25.
Na5 Rab8 26. b4 Nd7 27. a3 Bg8 28. Be3 Bc7 29. Rfd1 Red8 30. Nc4 b5 31. Na5 Bb6 32. Rd6 Bxe3+ 33. Kxe3 Nb6 34. Rcd1 Rdc8 35. Nb1 Bf7 36. h4 Ke8 37. g5 hxg5 38. hxg5 fxg5 39. Rg1 Rd8 40. Rxd8+ Rxd8 41. Rxg5 Kf8 42. Rg1 Rc8 43. Rd1 Rc2 44. Rd8+ Be8 45. Nb7 Rc8 46. Rxc8 Nexc8 47. Nc5 Bc6 48. Nxa6 Ke7 49. Nc5 Kd6 50. Nc3 Na7 51. Bd3 Nd7 52. Nxd7 Bxd7 53. Bc2 Ke7 54. Bb3 Kf6 55.
a4 bxa4 56. Bxa4 Bc8 57. Nd5+ Kg5 58. b5 Bb7 59. b6 Nc8 60. Bd7 Nd6 61. Ba4 Bxd5 62. exd5 Nc4+ 63. Ke4 Nxb6 64. Bc2 Kf6 65. d6 g6 66. fxg6 Kxg6 67. Kxe5+ Kf7 68. Bd3 Ke8 69. Bb5+ Kd8 70. Ke6 Nc8 71. d7 Nb6 72. Kd6 Nxd7 1/2-1/2

[Event "Early-Titled-Tuesday-Blitz-October-10-2023"]
[Site "Chess.com"]
[Date "2023.10.10"]
[Round "4"]
[White "LaPiToB"]
[Black "KnightmareJoker"]
[Result "1-0"]
[WhiteElo "2293"]
[BlackElo "2104"]
[TimeControl "180+1"]
[EndTime "8:39:21 PDT"]
[Termination "LaPiToB won by checkmate"]

1. d4 d5 2. c4 e6 3. Nc3 Nf6 4.
cxd5 exd5 5. Bf4 c6 6. e3 Be7 7. Bd3 O-O 8. Nge2 Re8 9. Qc2 Nbd7 10. h3 Nf8 11. O-O Ng6 12. Bh2 Bd6 13. Nf4 Nxf4 14. exf4 Qc7 15. Qd2 Nh5 16. g3 Bxh3 17. Rfc1 Qd7 18.
Be2 Nf6 19. Bf3 Bg4 20. Bg2 h5 21. Re1 Re7 22. Rxe7 Bxe7 23. Re1 Re8 24. Re5 Bd6 25. f3 Bf5 26. Re3 Rxe3 27. Qxe3 Bh3 28. Nd1 Bxg2 29. Kxg2 h4 30. g4 Qe6 31. Qd2 Nd7 32. Nf2 Qh6 33. Nh3 f6 34. Qe2 Kf7 35. f5 Bxh2 36.
Qe6+ Kf8 37. Kxh2 Qd2+ 38. Kh1 Qd1+ 39. Ng1 Nb6 40. Qd6+ Kg8 41. Qb8+ Kh7 42. Qxb7 Nc4 43. Qxc6 Nd2 44. Qxd5 Qf1 45. g5 fxg5 46. f6 gxf6 47. Qf7+ Kh8 48. Qxf6+ Kg8 49. Qxg5+ Kf8 50. Qxd2 h3 51. Qh2 Qa1 52. Qxh3 Qxa2 53. Qf5+ Ke8 54. d5 Qxb2 55. Qe6+ Kd8 56. d6 Qh8+ 57. Qh3 Qb2 58. Qh2 Qb3 59. Qh4+ Kd7 60. Qe7+ Kc6 61. Qc7+ Kb5 62. d7 Qd5 63. d8=Q Qh5+ 64. Qh2 Qc5 65. Qdb8+ Ka6 66. Qa2+ Qa5 67. Qd6+ Kb7 68. Qxa5 a6 69. Qdxa6+ Kb8 70. Q5b6# 1-0

[Event "Early-Titled-Tuesday-Blitz-October-10-2023"]
[Site "Chess.com"]
[Date "2023.10.10"]
[Round "4"]
[White "ajedrezhoy"]
[Black "boasovietica"]
[Result "1/2-1/2"]
[WhiteElo "2375"]
[BlackElo "2520"]
[TimeControl "180+1"]
[EndTime "8:39:24 PDT"]
[Termination "Game drawn by stalemate"]

1. c4 c5 2. Nc3 Nc6 3. g3 e5 4. Bg2 g6 5. e4 Bg7 6. Nge2 d6 7. O-O Nge7 8. d3 O-O 9. Rb1 a5 10. a3 Rb8 11. Be3 f5 12. Bg5 Bf6 13. Bxf6 Rxf6 14.
f4 Be6 15. Nd5 Rf8 16. Nec3 Qd7 17. b4 axb4 18. axb4 Bxd5 19. exd5 Nxb4 20. fxe5 dxe5 21. Re1 e4 22. dxe4 fxe4 23. Nxe4 b6 24. Qd2 Nf5 25. Bh3 Qg7 26. Bxf5 gxf5 27. Ng5 Rf6 28. Ne6 Qg4 29.
Rf1 Ra8 30. Rf4 Qg6 31. Rxb4 cxb4 32. Qxb4 Rxe6 33. dxe6 Qxe6 34. Qd2 Ra1+ 35. Kg2 Qc6+ 36. Qd5+ Qxd5+ 37. cxd5 Rd1 38. Rxf5 b5 39. Kf2 Rd2+ 40. Ke3 Rxh2 41. Rf6 Rh3 42. Kf3 Rh1 43. Rb6 Rb1 44.
d6 Kf7 45. Ke4 Ke6 46. Kd4 Rd1+ 47. Kc5 Rd5+ 48. Kb4 Rxd6 49. Rxb5 Rd4+ 50. Kc3 Rg4 51. Rh5 Rxg3+ 52. Kd2 Rg7 53. Ke3 Rf7 54. Ke4 Ke7 55. Ke5 Kf8 56. Rh1 Kg7 57. Rg1+ Kh8 58. Rh1 Rf2 59.
Ke4 Kg7 60. Ke3 Rf6 61. Ke2 h6 62. Rf1 Rg6 63. Kf2 h5 64. Rg1 Kh6 65. Rxg6+ Kxg6 66. Kg3 Kg5 67. Kh2 h4 68. Kh1 Kg4 69. Kh2 h3 70. Kh1 Kg3 71. Kg1 h2+ 72. Kh1 Kh3 1/2-1/2

[Event "Early-Titled-Tuesday-Blitz-October-10-2023"]
[Site "Chess.com"]
[Date "2023.10.10"]
[Round "4"]
[White "Andrei_Skvortsov"]
[Black "lilleper1"]
[Result "0-1"]
[WhiteElo "2693"]
[BlackElo "2885"]
[TimeControl "180+1"]
[EndTime "8:39:26 PDT"]
[Termination "lilleper1 won by resignation"]

1. e4 c5 2. d4 cxd4 3. Qxd4 Nc6 4. Qd3 Nf6 5. Nc3 e6 6. Bf4 Bb4 7. O-O-O O-O 8. Nge2 a6 9. f3 Qa5 10. a3 Be7 11.
Bd6 Ne5 12. Qd4 Bxd6 13. Qxd6 Nc4 14. Qb4 Qc7 15. Nd4 b5 16. Kb1 Rb8 17. Ncxb5 axb5 18. Nxb5 Ne3 19. Nxc7 Rxb4 20. Rd3 Rb7 21. Nxe6 fxe6 22. Rxe3 d5 23. Ba6 Rb6 24. Bxc8 Rxc8 25. Rd1 Kf7 26. Rd2 g5 27. exd5 Nxd5 28. Re5 Kf6 29. Re1 Ra8 30. Ka2 Nb4+ 31. Kb1 Nd5 32. c4 Nf4 33. g3 Ng6 34. Ka2 Ne5 35. Rc2 Nxf3 36. Rf1 g4 37. h3 h5 38.
hxg4 hxg4 39. c5 Rba6 40. Rc4 Kg5 41. Rd1 e5 42. c6 Rc8 43. c7 Nd4 44. Re1 Kf5 45.
Rf1+ Ke6 46. Rh1 Kd5 47. Rc3 Rc6 48. Rh7 Rxc3 49. bxc3 Nb5 50. Rd7+ Kc6 51. Rg7 Rxc7 52. Rg6+ Kd5 53. c4+ Rxc4 54. Kb3 Rc3+ 55. Kb4 Rc5 56. a4 Nd4 57. Rxg4 Nc6+ 58. Kb3 Rc1 59. Rg8 Nd4+ 60. Kb2 Rc2+ 61. Ka3 Kc4 62. Rc8+ Kd3 63.
Rxc2 Nxc2+ 64. Kb2 e4 65. a5 e3 66. a6 e2 67. a7 e1=Q 68. a8=Q Qc3+ 69. Kb1 Qb3+ 70. Kc1 Nd4 71. Qg2 Ne2+ 72. Qxe2+ Kxe2 0-1

[Event "Early-Titled-Tuesday-Blitz-October-10-2023"]
[Site "Chess.com"]
[Date "2023.10.10"]
[Round "4"]
[White "Rozhkov_V"]
[Black "sokidze"]
[Result "1-0"]
[WhiteElo "2438"]
[BlackElo "2784"]
[TimeControl "180+1"]
[EndTime "8:39:26 PDT"]
[Termination "Rozhkov_V won on time"]

1. e4 c5 2. Nf3 Nc6 3. d4 cxd4 4. Nxd4 g6 5. c4 Nf6 6. Nc3 d6 7. Be2 Nxd4 8. Qxd4 Bg7 9. Be3 O-O 10. Qd2 a5 11. O-O a4 12. Rab1 Qa5 13. Rfc1 Be6 14. f3 Rfc8 15.
b4 axb3 16. axb3 Qb4 17. Na4 Qxd2 18. Bxd2 Nd7 19. Be3 Rc6 20. Kf2 Nc5 21. Nxc5 dxc5 22. b4 b6 23. bxc5 bxc5 24. Rc2 h5 25. Rb7 Kf8 26.
Rb5 Bd4 27. Rd2 Bc3 28. Rc2 Bd4 29. Rd2 Rd8 30. Ra2 Rdc8 31. Rd2 Bc3 32. Rc2 Bb4 33.
Ra2 f6 34. Ra7 R6c7 35. Rbb7 Rxb7 36. Rxb7 Kf7 37. Ra7 h4 38. g3 hxg3+ 39. hxg3 Rh8 40. Kg2 Bh3+ 41. Kf2 Be6 42. Kg2 Rc8 43. g4 g5 44.
Bf1 Bc3 45. Be2 Bd4 46. Kf2 Be5 47. Ra5 Bd6 48. Rb5 Bd7 49. Ra5 Ke6 50. Ke1 Be8 51.
Kd2 Kd7 52. Ra7+ Ke6 53. Ra5 Kf7 54. Bd3 Bd7 55. Kc3 Be5+ 56. Kd2 Bd6 57. Ra6 Be6 58. Ra5 Rc7 59. Kc3 Kg7 60. Kd2 Rc8 61. Ra6 Rh8 62. Ra5 Rh2+ 63. Kc3 Be5+ 64. Kb3 Rb2+ 65. Ka3 Rb1 66. Bxb1 1-0

[Event "Early-Titled-Tuesday-Blitz-October-10-2023"]
[Site "Chess.com"]
[Date "2023.10.10"]
[Round "4"]
[White "ChessFighter_2011"]
[Black "NovozhilovSemen"]
[Result "1-0"]
[WhiteElo "2865"]
[BlackElo "2593"]
[TimeControl "180+1"]
[EndTime "8:39:27 PDT"]
[Termination "ChessFighter_2011 won by resignation"]

1. c4 e5 2. Nc3 Bb4 3. Qc2 Bxc3 4. Qxc3 d6 5. d4 e4 6. e3 f5 7. Ne2 Nf6 8. b3 O-O 9. Bb2 c6 10. h3 d5 11. O-O-O a5 12. c5 b6 13. Kb1 Rf7 14. cxb6 Qxb6 15. Qc5 Nbd7 16. Qxb6 Nxb6 17. Rc1 Bb7 18.
Nf4 Re7 19. Ba3 Ree8 20. Bd6 g5 21. Ne2 Kf7 22. Nc3 Rec8 23. Be2 Nfd7 24. g4 Ke6 25. Bg3 fxg4 26. hxg4 Nf6 27. Rh6 Rg8 28. f4 exf3 29.
Bxf3 Rg6 30. Rch1 a4 31. e4 axb3 32. axb3 c5 33. exd5+ Nbxd5 34. Nxd5 Bxd5 35. Re1+ Kf7 36. Bxd5+ Nxd5 37. Rxg6 Kxg6 38. dxc5 h5 39. gxh5+ Kxh5 40. c6 Rc8 41. Rc1 Kg4 42. Bd6 Kf5 43. Kb2 g4 44. Bg3 Nb4 45. Rf1+ Kg5 46. c7 Nd5 47. Rc1 Kf5 48.
Rc4 Ne3 49. Rf4+ Kg5 50. Rd4 Nf5 51. Rd8 Ne7 52. Bd6 Kf5 53. Bxe7 Rxc7 54. Bd6 Rb7 55.
Bg3 Ke4 56. Rf8 Ke3 57. Rf4 Rg7 58. b4 Rg5 59. Kb3 Rg8 60. Rc4 Kd3 61. b5 Ra8 62. b6 Ra1 63. Rb4 Rb1+ 64. Ka4 Rg1 65. b7 Rxg3 66.
Rb3+ 1-0

[Event "Early-Titled-Tuesday-Blitz-October-10-2023"]
[Site "Chess.com"]
[Date "2023.10.10"]
[Round "4"]
[White "AlexandraSamaganova"]
[Black "ExcitingTrap"]
[Result "0-1"]
[WhiteElo "2222"]
[BlackElo "2486"]
[TimeControl "180+1"]
[EndTime "8:39:28 PDT"]
[Termination "ExcitingTrap won by resignation"]

1. c4 e5 2. Nc3 Nf6 3. Nf3 Nc6 4. a3 a5 5. e3 d5 6. cxd5 Nxd5 7. Bb5 Nxc3 8. bxc3 Bd7 9. d4 Bd6 10. Rb1 O-O 11.
d5 Ne7 12. Bxd7 Qxd7 13. Rxb7 Qg4 14. O-O Qc4 15. Qb3 Qxd5 16. Qxd5 Nxd5 17. c4 Nb6 18.
c5 Bxc5 19. Rxc7 Na4 20. Nxe5 Bd6 21. Rc4 Nb6 22. Rc6 Bxe5 23. Rxb6 Rfc8 24. e4 Bd4 25. Rd6 Bc5 26. Rd5 a4 27. g3 f6 28. Rfd1 Rab8 29.
R5d3 Bb6 30. Be3 Ba5 31. Rd5 Bc3 32. Bc5 Re8 33. f3 Rb2 34. R1d3 Be5 35. f4 Bb8 36. Rd8 Kf7 37. Rxe8 Kxe8 38. Bb4 Kf7 39. Rd2 Ba7+ 40.
Kg2 Rb3 41. Kf1 Be3 42. Rc2 Rd3 43. Ke2 Rb3 44. g4 Bxf4 45. h4 Be5 46. Rd2 Ke6 47.
Rc2 Rh3 48. Rc6+ Kd7 49. Ra6 Rh2+ 50. Kd3 Rh3+ 51. Kc4 Rxh4 52. Ra7+ Kc6 53. Rxg7 f5 54. exf5 Bxg7 55. Kd3 Rxg4 56. Be7 Be5 57. f6 Rf4 58. f7 Rxf7 59. Bb4 Kd5 60. Ke3 Bd4+ 61. Kd3 Rf3+ 62. Ke2 Ke4 63. Bf8 Rf2+ 64. Ke1 Kf3 65. Bd6 Bc3+ 66. Kd1 Rd2+ 67. Kc1 Ke2 0-1

[Event "Early-Titled-Tuesday-Blitz-October-10-2023"]
[Site "Chess.com"]
[Date "2023.10.10"]
[Round "4"]
[White "IngOscarArdila"]
[Black "surrenderPLS"]
[Result "0-1"]
[WhiteElo "2317"]
[BlackElo "2514"]
[TimeControl "180+1"]
[EndTime "8:39:31 PDT"]
[Termination "surrenderPLS won on time"]

1. d4 Nf6 2. c4 e6 3. Nc3 Bb4 4. Bg5 h6 5. Bh4 c5 6. Nf3 cxd4 7. Qxd4 Nc6 8. Qd3 g5 9. Bg3 d5 10. e3 dxc4 11. Qxc4 Qd5 12. a3 Qxc4 13. Bxc4 Bxc3+ 14. bxc3 Bd7 15. Ne5 Nxe5 16. Bxe5 Ke7 17. f4 Rac8 18.
Bd3 g4 19. Rb1 Bc6 20. O-O Rhd8 21. Rfd1 b6 22. Kf2 Rxd3 23. Rxd3 Be4 24. Rbd1 Bxd3 25. Rxd3 Ne4+ 26. Ke1 f6 27. Bd4 Rd8 28. Ke2 Rd5 29. c4 Rd7 30. a4 Rc7 31. a5 bxa5 32.
Ra3 Rxc4 33. Rxa5 Rc7 34. Rxa7 Rxa7 35. Bxa7 f5 36. Kd3 h5 37. Bd4 Kd6 38. Kc4 Nd2+ 39. Kd3 Nf1 40. h3 gxh3 41. gxh3 Kd5 42. Ke2 Ng3+ 43. Kf3 Ne4 44. Be5 Kc4 45. Bd4 Kd3 46. Bb6 Nd2+ 47. Kf2 Nc4 48. Bd4 Ke4 49. Bc5 Na5 50. Bb6 Nb3 51. Ba7 Nc1 52. Bd4 Nd3+ 53. Kg3 Nxf4 54. Bb6 Ng6 55. h4 Ne5 56. Ba7 Ng4 57. Bb6 Nxe3 58. Kf2 f4 59. Bc7 Ng4+ 60. Kg2 f3+ 61. Kf1 Kd3 62. Bf4 e5 63. Bg5 e4 64. Bf4 e3 65. Kg1 e2 66. Bg3 Ke3 67.
Kh1 f2 68. Bxf2+ Nxf2+ 69. Kg2 e1=Q 0-1

[Event "Early-Titled-Tuesday-Blitz-October-10-2023"]
[Site "Chess.com"]
[Date "2023.10.10"]
[Round "4"]
[White "Sanyura"]
[Black "Kotofeyca"]
[Result "1/2-1/2"]
[WhiteElo "2571"]
[BlackElo "2430"]
[TimeControl "180+1"]
[EndTime "8:39:31 PDT"]
[Termination "Game drawn by repetition"]

1. Nf3 d5 2. g3 c6 3. Bg2 Bg4 4. O-O Nd7 5. d3 e5 6. Nbd2 Ngf6 7. h3 Bh5 8. Qe1 Bc5 9. Nh4 O-O 10. e4 dxe4 11.
dxe4 Re8 12. Nb3 Bb6 13. Be3 Nf8 14. Nf5 Ne6 15. a4 Bxe3 16. Qxe3 Qb6 17. a5 Qxe3 18. fxe3 Be2 19. Rf2 Bc4 20. Nd6 Bxb3 21. Nxe8 Rxe8 22. cxb3 Nc5 23. Rc2 Ncxe4 24. a6 bxa6 25. g4 h6 26. Rxa6 Rb8 27. Raxc6 Rxb3 28. Rc8+ Kh7 29. R8c7 Kg6 30. Rxa7 Rxe3 31. Ra3 Re1+ 32. Kh2 h5 33. gxh5+ Kxh5 34. b4 Rb1 35. Ra4 Ng5 36. Re2 e4 37. Ra5 Rxb4 38. Rf2 Kg6 39. Rff5 Ne6 40. Rf2 Rb3 41. Re5 Ng5 42. Bh1 Rc3 43. Bg2 Rb3 44. Rff5 Ne6 45. Rf1 Ng5 46. Rg1 Rb2 47. Kh1 Kh6 48. h4 Nf3 49. Bxf3 exf3 50. Rf5 f2 51. Rf1 Ng4 52.
Rf3 Kh5 53. Kg2 Kxh4 54. Rh3+ Kg5 55. Rf3 f5 56. Rd3 f4 57. Rd5+ Kg6 58. Kf3 Ne3 59.
Rd6+ Kf5 60. Rxf2 Rxf2+ 61. Kxf2 g5 62. Ra6 g4 63. Ra5+ Ke4 64. Ra4+ Ke5 65. Ra5+ Nd5 66.
Ra4 Ne3 67. Ra5+ Nd5 68. Ra4 Kf5 69. Ra5 Ke4 70. Ra4+ Kd3 71. Ra3+ Kd4 72. Ra4+ Ke5 73. Ra5 Kd4 74. Ra4+ Ke5 75. Ra5 Ke4 76. Ra4+ Ke5 1/2-1/2

[Event "Early-Titled-Tuesday-Blitz-October-10-2023"]
[Site "Chess.com"]
[Date "2023.10.10"]
[Round "4"]
[White "jaskol95"]
[Black "Duhless"]
[Result "0-1"]
[WhiteElo "2600"]
[BlackElo "2934"]
[TimeControl "180+1"]
[EndTime "8:39:34 PDT"]
[Termination "Duhless won by checkmate"]

1. d4 Nf6 2. Nc3 d5 3. Bf4 g6 4. e3 Bg7 5. h4 c5 6. Nb5 Na6 7. c3 O-O 8. Nf3 Bg4 9. Be2 h5 10. a4 e6 11. Ne5 Bf5 12. g4 hxg4 13. Nxg4 cxd4 14. exd4 Nh5 15. Nh6+ Kh7 16. Nxf5 Nxf4 17. Nxg7 Kxg7 18. Bf3 Qf6 19. Qd2 e5 20. O-O-O e4 21.
Be2 Rh8 22. h5 g5 23. Rdg1 Kh6 24. Rg4 Rhg8 25. Rhg1 Rac8 26. Kb1 Nb8 27. Nxa7 Rcd8 28. Nb5 Nc6 29. f3 e3 30. Qe1 Rde8 31. Na3 Re7 32. Nc2 Rge8 33. Rxg5 Rf8 34. R5g4 Qf5 35. Kc1 Nxe2+ 36.
Qxe2 Rfe8 37. Qg2 Na5 38. Qh3 Nb3+ 39. Kb1 Qf6 40. Rg6+ fxg6 41. hxg6+ Kg7 42. Qh7+ Kf8 43. g7+ Rxg7 44. Qh8+ Kf7 45. Qh5+ Ke7 46. Rxg7+ Qxg7 47. Qxd5 Nd2+ 48. Ka1 Qg1+ 49. Ka2 Qg8 50. Nxe3 Qxd5+ 51. Nxd5+ Kd8 52. Nb6 Nxf3 53. Kb3 Ng5 54. Nd5 Nf7 55. Kc4 Nd6+ 56. Kc5 Ne4+ 57. Kb5 Kc8 58. Nb6+ Kc7 59. d5 Nd6+ 60. Kc5 Re2 61. b4 Ne4+ 62. Kb5 Nxc3+ 63.
Kc5 Ne4+ 64. Kb5 Nd6+ 65. Kc5 Rc2+ 66. Kd4 Kxb6 67. Ke5 Kc7 68. b5 Rc4 69. b6+ Kd7 70.
a5 Re4+ 71. Kf6 Ra4 72. Ke5 Rxa5 73. Kd4 Rb5 74. Ke5 Rxb6 75. Kf6 Rb5 76. Ke5 Rc5 77.
Kf6 b6 78. Ke5 Rc4 79. Kf6 Re4 80. Kg5 b5 81. Kf6 b4 82. Kg5 b3 83. Kf6 b2 84.
Kg5 b1=Q 85. Kf6 Qf1+ 86. Kg5 Qg2+ 87. Kf6 Qf3+ 88. Kg7 Rg4+ 89. Kh7 Qh3# 0-1

[Event "Early-Titled-Tuesday-Blitz-October-10-2023"]
[Site "Chess.com"]
[Date "2023.10.10"]
[Round "4"]
[White "Levanzovsky"]
[Black "Zavgorodniy_Sergiy"]
[Result "0-1"]
[WhiteElo "2419"]
[BlackElo "2630"]
[TimeControl "180+1"]
[EndTime "8:39:34 PDT"]
[Termination "Zavgorodniy_Sergiy won by resignation"]

1. e4 e5 2. Nf3 d6 3. Bc4 Be7 4. Nc3 Nf6 5. d3 O-O 6. h3 c6 7. a4 d5 8. Bb3 dxe4 9. Nxe4 Nxe4 10. dxe4 Qxd1+ 11. Kxd1 Nd7 12. Be3 Nc5 13. Bxc5 Bxc5 14. Ke2 Re8 15. Ng5 Rf8 16. Nf3 Bd6 17. Rhd1 Bc7 18. a5 a6 19. Ng5 h6 20. Nxf7 Rxf7 21. Rd3 Kf8 22. Bxf7 Kxf7 23. b4 Be6 24. Rf3+ Ke7 25.
Rd1 Rf8 26. Rxf8 Kxf8 27. c3 Ke7 28. Ke3 g5 29. f3 Bd6 30. Rb1 Kd7 31. Ke2 Kc7 32.
Kd3 c5 33. Rb2 cxb4 34. cxb4 Bd7 35. Kc3 Bb5 36. Rd2 Kd7 37. Kb3 Ke6 38. Kc3 Bc6 39. Kb3 Ke7 40. Kc3 Bb8 41. Kb3 Ba7 42. Kc4 h5 43.
Rd1 Bd4 44. Rd2 Ke6 45. Rd1 Bb5+ 46. Kb3 Kf6 47. Rc1 Bc6 48. Rf1 Kg6 49. Rc1 g4 50. hxg4 hxg4 51. Rh1 Kg5 52. Kc4 Kf4 53. Rh6 g3 54. Rg6 Bf2 55. Kd3 Bb5+ 56. Kd2 Be3+ 57. Kc3 Bc1 58. Rg4+ Ke3 59. Rxg3 Bd2+ 60. Kc2 Bxb4 61.
Rg5 Kd4 62. Rg7 Bc6 63. g3 Bxa5 64. Kb3 Ke3 65. Rf7 Bd8 66. Rf5 Kd4 67. g4 a5 68.
g5 a4+ 69. Ka2 Bb5 70. g6 Bc4+ 71. Ka1 a3 72. g7 Ba5 73. Rf6 Bc3+ 74. Kb1 a2+ 75. Kc2 a1=Q 76. Rd6+ Ke3 0-1

[Event "Early-Titled-Tuesday-Blitz-October-10-2023"]
[Site "Chess.com"]
[Date "2023.10.10"]
[Round "4"]
[White "Fandorine"]
[Black "Grossboss19"]
[Result "1/2-1/2"]
[WhiteElo "2902"]
[BlackElo "2532"]
[TimeControl "180+1"]
[EndTime "8:39:48 PDT"]
[Termination "Game drawn - insufficient material"]

1. g3 g6 2. Bg2 Bg7 3. e4 e5 4. Ne2 Nc6 5. O-O Nge7 6. Nbc3 O-O 7. d3 d6 8. f4 f5 9. Be3 fxe4 10. dxe4 Be6 11.
Qd2 Qd7 12. Nd5 Rac8 13. Rad1 Bh3 14. b3 Bxg2 15. Kxg2 Nxd5 16. Qxd5+ Kh8 17. h3 Rce8 18. fxe5 Bxe5 19. Bh6 Bg7 20. Rxf8+ Rxf8 21. Bxg7+ Qxg7 22. Nf4 Re8 23. Rf1 Qe7 24. Re1 Qe5 25. Qxe5+ Nxe5 26. Nd5 c6 27. Nc3 Kg7 28. Rd1 Re6 29. Ne2 Kf7 30.
Nf4 Rf6 31. c4 Ke7 32. Rd2 Rf8 33. a4 a5 34. h4 h6 35. Nh3 Nd7 36. Nf4 Rf6 37.
Nd3 g5 38. h5 Re6 39. Kf3 Nf6 40. e5 dxe5 41. Nc5 e4+ 42. Ke3 Re5 43. Nxb7 Nxh5 44.
Nd8 Rc5 45. Kd4 e3 46. Re2 Rf5 47. Nxc6+ Kd6 48. Na7 Nxg3 49. Rxe3 Rf4+ 50. Kd3 Nf5 51. Re8 Rf3+ 52. Kd2 Rxb3 53. Nb5+ Kc5 54. Re5+ Kxc4 55.
Rxf5 Rb4 56. Nd6+ Kb3 57. Rxa5 Rxa4 58. Rd5 Ra2+ 59. Ke3 Ra1 60. Rd3+ Kc2 61. Rd5 Re1+ 62. Kf2 Rd1 63. Rc5+ Kb3 64. Ne4 Rc1 65. Rf5 Rc2+ 66. Ke3 Rh2 67. Rb5+ Kc4 68. Rc5+ Kb4 69. Rc8 Rh3+ 70.
Kd4 Kb5 71. Nc3+ Kb6 72. Nd5+ Kb7 73. Rc7+ Kb8 74. Rh7 g4 75. Rg7 g3 76. Kc5 Rh1 77.
Rxg3 h5 78. Kb5 Rb1+ 79. Nb4 Kc8 80. Rh3 Kd8 81. Rh4 Ke7 82. Rxh5 Kf6 83. Rc5 Kg6 84. Kc4 Rc1+ 85. Kb5 Rxc5+ 86. Kxc5 1/2-1/2

[Event "Early-Titled-Tuesday-Blitz-October-10-2023"]
[Site "Chess.com"]
[Date "2023.10.10"]
[Round "4"]
[White "JohnnyAnto"]
[Black "lamomiajunior"]
[Result "1/2-1/2"]
[WhiteElo "2427"]
[BlackElo "2709"]
[TimeControl "180+1"]
[EndTime "8:39:56 PDT"]
[Termination "Game drawn by 50-move rule"]

1. e4 c6 2. d4 d5 3. Nd2 dxe4 4. Nxe4 Nf6 5. Nxf6+ exf6 6. Nf3 Bd6 7. Be2 O-O 8. O-O Re8 9. h3 Nd7 10. Bd3 Nf8 11.
c4 Be6 12. Bd2 Qd7 13. Re1 Ng6 14. Qb3 b5 15. d5 cxd5 16. cxd5 Bxd5 17. Rxe8+ Rxe8 18. Bxb5 Qb7 19. Qd3 Rd8 20. Ba6 Qa8 21. Ba5 Be4 22.
Qxe4 Qxe4 23. Bxd8 h6 24. Rd1 Be5 25. Bd3 Qf4 26. Ba5 Nh4 27. Nxh4 Qxh4 28. Bf5 g6 29. Bg4 h5 30. Bf3 Qf4 31. Rd8+ Kg7 32. Bd2 Qc4 33. Bd5 Qe2 34. Bb3 a5 35. Bxa5 Qb5 36.
Bc3 h4 37. Rc8 Bxc3 38. Rxc3 f5 39. Rc7 Qe2 40. Rxf7+ Kh6 41. Rd7 Qe1+ 42. Kh2 Qxf2 43. Rd5 Qxb2 44. Rb5 Kg5 45. a4 Qc3 46. a5 Qg3+ 47. Kh1 Qe1+ 48. Kh2 Qa1 49. Bf7 Kf6 50. Be8 f4 51. Rb6+ Ke5 52. Rxg6 Ke4 53. Re6+ Kf5 54.
Re2 Qxa5 55. Bh5 Kg5 56. Bf3 Qc5 57. Re4 Kf5 58. Re1 Qf8 59. Rd1 Qg7 60. Rd5+ Ke6 61. Rh5 Qg3+ 62. Kh1 Kf6 63. Rd5 Ke6 64. Rd1 Qf2 65.
Kh2 Ke7 66. Kh1 Kf6 67. Kh2 Qg3+ 68. Kh1 Ke6 69. Kg1 Qg7 70. Kf1 Qb2 71. Re1+ Kd6 72. Re2 Qc1+ 73. Re1 Qd2 74. Re2 Qc1+ 75. Re1 Qc5 76.
Rd1+ Ke7 77. Rd5 Qc1+ 78. Rd1 Qc2 79. Rd5 Ke6 80. Rh5 Kd6 81. Rh6+ Kd7 82. Rh5 Qc1+ 83. Ke2 Qe3+ 84. Kf1 Qc1+ 85. Ke2 Qc2+ 86. Ke1 Qc3+ 87. Ke2 Qe3+ 88. Kf1 Ke7 89. Rh7+ Kf6 90. Rh6+ Kg7 91. Rh5 Kg6 92. Rd5 Qc1+ 93. Rd1 Qc3 94. Kg1 Kf6 95. Kh1 Ke5 96. Rd5+ Ke6 97. Rh5 Qe1+ 98. Kh2 Qg3+ 99. Kh1 Kd6 100. Rh6+ Kc7 101. Rh5 Kb6 102. Rd5 Qe1+ 103. Kh2 Qe7 104. Rd1 Kc5 1/2-1/2

[Event "Early-Titled-Tuesday-Blitz-October-10-2023"]
[Site "Chess.com"]
[Date "2023.10.10"]
[Round "4"]
[White "Semen_Khanin"]
[Black "GMZaven"]
[Result "1-0"]
[WhiteElo "2862"]
[BlackElo "2630"]
[TimeControl "180+1"]
[EndTime "8:39:58 PDT"]
[Termination "Semen_Khanin won by checkmate"]

1. e4 c5 2. Nf3 d6 3. Bb5+ Nc6 4. O-O Bd7 5. Re1 Nf6 6. c3 a6 7. Bf1 Bg4 8. d3 g6 9. Nbd2 Bg7 10. h3 Bd7 11. g3 O-O 12. Bg2 e5 13. Nc4 Be6 14.
Bg5 h6 15. Bxf6 Bxf6 16. Nfd2 b5 17. Ne3 Bg7 18. a4 Rb8 19. axb5 axb5 20. h4 h5 21. Kh2 Bh6 22. Ndf1 b4 23. Bh3 bxc3 24. bxc3 Rb2 25.
Re2 Rxe2 26. Qxe2 Bxh3 27. Kxh3 Bxe3 28. Nxe3 Ne7 29. Kg2 Qb6 30. Nc4 Qc6 31. Qa2 Nc8 32.
Qa6 Qd7 33. Rb1 Qg4 34. Rb8 Qe6 35. Qc6 Kg7 36. Rb7 Rd8 37. Qc7 Re8 38. Qd7 Kf6 39.
Qc6 Rd8 40. Ne3 Kg7 41. Nd5 Rf8 42. Rd7 Qg4 43. f3 Qe6 44. Qc7 Kh6 45. c4 Kg7 46. Rd8 Re8 47. Rd7 Rf8 48. Qc6 Kh6 49. Nc7 Qf6 50.
Nb5 Rd8 51. Qc7 Rxd7 52. Qxd7 Qe6 53. Qd8 Kg7 54. Nc7 Qe7 55. Qxc8 g5 56. Nd5 Qa7 57. Qf5 Qa2+ 58. Kh3 g4+ 59. fxg4 Qb1 60. Qg5+ Kf8 61. Qh6+ Ke8 62. gxh5 Qh1+ 63. Kg4 Qd1+ 64. Kf5 Qf1+ 65. Kg5 Qc1+ 66. Nf4 exf4 67. gxf4 Qc3 68. Qf6 Qxd3 69. h6 Qxe4 70. Qf5 Qg2+ 71. Qg4 Qc2 72. Kh5 Ke7 73. Qg5+ Ke6 74. f5+ Ke5 75. h7 Qd1+ 76.
Kh6 Ke4 77. h8=Q Qd3 78. Qe8+ Kf3 79. Qxf7 Qd4 80. Qfh5+ Kf2 81. f6 Qe4 82. Qf5+ Qxf5 83. Qxf5+ Ke3 84. f7 Kd4 85. Qd5+ Kc3 86. f8=Q Kb4 87.
Qfxd6 Ka5 88. Q6xc5+ Ka4 89. Qb5+ Ka3 90. Qa8# 1-0